 Dungeon Crawl Stone Soup version 0.31-a0-744-gbc345e7fcb (webtiles) character file.

Game seed: 15095191308180021687

7611 demibob the Fencer (level 10, -3/81 HPs)
             Began as a Minotaur Chaos Knight on Sept 13, 2023.
             Was a Plaything of Xom.
             Slain by a blink frog (11 damage)
             ... on level 1 of the Lair of Beasts.
             The game lasted 00:14:14 (8311 turns).

demibob the Fencer (Minotaur Chaos Knight)          Turns: 8311, Time: 00:14:16

Health: -3/81      AC: 11    Str: 17    XL:     10   Next: 98%
Magic:  8/8        EV: 11    Int:  9    God:    Xom [...*..]
Gold:   335        SH:  0    Dex: 16    Spells: 9/9 levels left

rFire   . . .        a - +7 triple sword of Linearity {freeze, rElec rN+}
rCold   + . .        (shield currently unavailable)
rNeg    + . .        b - +2 leather armour
rPois   .            (helmet unavailable)
rElec   +            r - +1 cloak
rCorr   .            (no gloves)
SInv    .            k - +0 pair of boots
Will    .....        (no amulet)
Stlth   ++           C - ring of protection from cold
HPRegen 0.33/turn    (no ring)
MPRegen 0.11/turn

%: no passive effects
@: lethally poisoned (-3 -> -4), on berserk cooldown, slowed, very slow
A: horns 3, retaliatory headbutt, iridescent scales 1, thin skeletal structure
1, deterioration 2, frail 1, low MP 1, electricity resistance, MP-powered wands
a: Renounce Religion


You were on level 1 of the Lair of Beasts.
You worshipped Xom.
You were a favourite toy of Xom.
You visited 2 branches of the dungeon, and saw 9 of its levels.

You collected 1309 gold pieces.
You spent 974 gold pieces at shops.


Innate Abilities, Weirdness & Mutations

You have a pair of large horns on your head.
You reflexively headbutt those who attack you in melee.
You are partially covered in iridescent scales. (AC +2)
You have a somewhat thin skeletal structure. (Dex +2, Stealth+)
Your body often deteriorates upon taking damage.
You are frail. (-10% HP)
Your magical capacity is low. (-10% MP)
You are resistant to electric shocks. (rElec)
You expend magic power (3 MP) to strengthen your wands.


   Skills:
 + Level 9.0 Fighting
 + Level 17.3 Long Blades
 - Level 6.4 Armour
 - Level 1.1 Dodging


You had 9 spell levels left.
You didn't know any spells.
Your spell library contained the following spells:

 Spells                   Type           Power      Damage    Failure   Level
 Apportation              Tloc           0%         N/A       43%         1
 Necrotise                Necr           0%         1d4       43%         1
 Sting                    Tmut/Pois      0%         1d3       43%         1
 Summon Small Mammal      Summ           0%         N/A       43%         1
 Ensorcelled Hibernation  Hex/Ice        0%         N/A       58%         2
 Jinxbite                 Hex            0%         N/A       58%         2
 Anguish                  Hex/Necr       0%         N/A       99%         4

Inventory:

Hand Weapons
 a - the +7 triple sword of Linearity (weapon) {freeze, rElec rN+}
   (You bought it in a shop on level 4 of the Dungeon)

   rElec:     It insulates you from electricity.
   rN+:       It protects you from negative energy.
 d - a +0 falchion of chaos
 l - a +6 great sword
 w - a +4 long sword of venom
Missiles
 e - a throwing net {=f}
 o - 3 curare-tipped darts {=f}
Armour
 b - a +2 leather armour (worn)
 k - a +0 pair of boots (worn)
 r - a +1 cloak (worn)
Jewellery
 C - a ring of protection from cold (left hand)
Wands
 n - a wand of paralysis (9)
 s - a wand of mindburst (9)
Scrolls
 g - a scroll of identify {@r1}
 h - a scroll of enchant weapon {unknown}
 j - 4 scrolls of teleportation {@r2}
 v - a scroll of immolation
Potions
 f - a potion of brilliance
 m - a potion of curing {@q1}
 p - 2 potions of attraction
 u - a potion of lignification

Dungeon Overview and Level Annotations

Branches:
Dungeon (8/15)             Temple (0/1) D:6            Lair (1/5) D:8

Altars:
Dithmenos
Fedhas
Gozag
Kikubaaqudgha
Ru
Uskayaw
Xom
Yredelemnul
Zin

Shops:
D:4 (   D:6 (

Annotations:
D:8 2 transporters, hattop's ghost, novice AtCA
Lair:1 Gastronok

........# .......#.#....
...........#..#....##.....
...........#..............
............#.............
....$....(†.....#.........
.........P#b..........#.>.
.....$bbb##bb.............
P......bbrbb.b......#.....
.....Fbbb@bbr.............
....b.?bbFbb..b...........
....b..rb#P##.###........#
......w..###### ##.......#
.......b.# #...⚑...#
...#...b#. ##......#
....#...## #......#
.)......# ###....# ....##.
#.###


You could see Gastronok (ally target), 2 blink frogs, a river rat (summoned,
ally target) and 2 quokkas.


Message History

* * * LOW HITPOINT WARNING * * *
You chop the blink frog into pieces!!! You freeze the blink frog!
You kill the blink frog!
The rat misses you.
You feel your intelligence returning.
Your Fighting skill increases to level 9!
You slash the rat! You freeze the rat.
You kill the rat!
The rat's corpse disappears in a puff of smoke!
You feel sick.
The quokka twitches its whiskers.
The quokka bites you.
* * * LOW HITPOINT WARNING * * *
You are no longer berserk.
You are exhausted.
You feel yourself slow down. The blink frog closely misses you.
You furiously retaliate!
You headbutt the blink frog!
The quokka bites you but does no damage.
The river rat closely misses you.
Unknown command.
As you read the scroll of butterflies, it crumbles to dust.
You hear the flapping of tiny wings.
The blink frog is knocked back by the sudden gust.
The river rat is knocked back by the sudden gust.
The blink frog is knocked back by the sudden gust.
The quokka is knocked back by the sudden gust. x2
You feel sick. The blink frog hits you!
You die...
Xom roars with laughter!

Skill      XL: |  1  2  3  4  5  6  7  8  9 10 |
---------------+-------------------------------+-----
Long Blades    | 4 5 6 7 8 9 11 14 16 17 | 17.3
Fighting       | 5 9 |  9.0
Armour         | 4 6 |  6.4
Dodging        | |  1.1

Action                     |  1- 3 |  4- 6 |  7- 9 | 10-12 || total
---------------------------+-------+-------+-------+-------++-------
  Melee: Falchion          |   103 |   156 |       |       ||   259
         Headbutt          |    17 |    28 |    42 |    15 ||   102
         Punch             |     1 |     5 |     3 |       ||     9
         Long sword        |       |    17 |   198 |    20 ||   235
         Great sword       |       |       |       |    58 ||    58
         Triple sword      |       |       |       |    23 ||    23
  Evoke: Wand              |       |       |     1 |       ||     1
    Use: Scroll            |     2 |    10 |     7 |     7 ||    26
         Potion            |       |     2 |     4 |     5 ||    11
   Stab: Petrifying        |     1 |       |       |       ||     1
         Paralysed         |       |     1 |       |       ||     1
         Sleeping          |       |     7 |     2 |       ||     9
 Armour: Leather armour    |    56 |   109 |   133 |   110 ||   408
  Dodge: Dodged            |    44 |    97 |    93 |    48 ||   282

Levels and vault maps discovered:
D:1:      dpeg_arrival_rooms_b, layout_rooms,
          shapermc_ecumenical_altar_flowoftime
D:2:      layout_basic, basic_altar, uniq_terence
D:3:      layout_basic
D:4:      layout_rooms, zin_treasury, minitemple, lemuel_doored_altar,
          serial_shops, nicolae_shop_hallway_plus, serial_bayou_pond_a
D:5:      minmay_recursive_quarters, layout_basic
D:6:      layout_basic, temple_statues, serial_shops, shop
D:7:      layout_layer_cave, uniq_crazy_yiuf_cottage, uniq_prince_ribbit1
D:8:      cheibrodos_fertilizer, layout_loops_ring, hellmonk_lair_entry_icy,
          gammafunk_ghost_smash
Lair:1:   layout_cave_shapes, gauntlet_entry_generic, basic_altar,
          uniq_gastronok

Notes
Turn   | Place    | Note
-------+----------+-------------------------------------------
     0 | D:1      | demibob the Minotaur Chaos Knight began the quest for the
                  | Orb.
     0 | D:1      | Reached XP level 1. HP: 19/19 MP: 0/0
     8 | D:1      | XOM: divination: detect items
    31 | D:1      | Reached skill level 4 in Long Blades
    39 | D:1      | Reached XP level 2. HP: 14/26 MP: 1/1
   154 | D:1      | XOM: divination: detect creatures
   193 | D:1      | Reached skill level 5 in Long Blades
   254 | D:1      | Reached XP level 3. HP: 31/31 MP: 2/2
   292 | D:1      | Found a faded altar of an unknown god.
   706 | D:2      | Noticed Terence
   706 | D:2      | XOM: 2-stop teleportation journey
   716 | D:2      | Killed Terence
   799 | D:2      | Reached skill level 6 in Long Blades
   799 | D:2      | Reached XP level 4. HP: 38/39 MP: 3/3
  1041 | D:2      | XOM: scenery: 3 doors open
  1195 | D:2      | Found a shadowy altar of Dithmenos.
  1209 | D:2      | Gained mutation: You have a somewhat thin skeletal
                  | structure. (Dex +2, Stealth+) [potion of mutation]
  1209 | D:2      | Gained mutation: You are partially covered in iridescent
                  | scales. (AC +2) [potion of mutation]
  1209 | D:2      | Gained mutation: Your spells are a little harder to cast,
                  | but a little more powerful. [potion of mutation]
  1209 | D:2      | Gained mutation: You expend magic power (3 MP) to
                  | strengthen your wands. [potion of mutation]
  1232 | D:2      | HP: 1/39 [gnoll/+0 halberd (12)]
  1234 | D:2      | Reached skill level 7 in Long Blades
  1234 | D:2      | Reached XP level 5. HP: 1/45 MP: 4/4
  2344 | D:4      | XOM: god gift: 6 stones
  2390 | D:4      | Found an ancient bone altar of Kikubaaqudgha.
  2445 | D:4      | Found Ulymium's Weapon Emporium.
  2573 | D:4      | XOM: give mutation
  2573 | D:4      | Lost mutation: You are partially covered in iridescent
                  | scales. (AC +2) [Xom's mischief]
  2686 | D:4      | Found a glowing silver altar of Zin.
  2694 | D:4      | XOM: give mutations
  2694 | D:4      | Gained mutation: You possess an exceptional clarity of
                  | mind. [Xom's mischief]
  2694 | D:4      | Lost mutation: You possess an exceptional clarity of mind.
                  | [Xom's mischief]
  2694 | D:4      | Gained mutation: Your body sometimes deteriorates upon
                  | taking damage. [Xom's mischief]
  2706 | D:4      | Reached skill level 8 in Long Blades
  2814 | D:4      | Found an opulent altar of Gozag.
  2908 | D:4      | Found a hide-covered altar of Uskayaw.
  2910 | D:4      | Found a blossoming altar of Fedhas.
  2912 | D:4      | Found a basalt altar of Yredelemnul.
  2914 | D:4      | Found a sacrificial altar of Ru.
  2956 | D:5      | Entered Level 5 of the Dungeon
  2962 | D:5      | Reached XP level 6. HP: 51/51 MP: 5/5
  3006 | D:5      | XOM: god gift: 42 gold pieces
  3085 | D:4      | Bought a +4 long sword of venom for 262 gold pieces
  3162 | D:5      | XOM: scenery: create altars
  3238 | D:5      | Reached skill level 9 in Long Blades
  3462 | D:5      | Reached XP level 7. HP: 57/57 MP: 6/6
  3469 | D:5      | Reached skill level 10 in Long Blades
  3750 | D:5      | XOM: give mutations
  3750 | D:5      | Gained mutation: Your body often deteriorates upon taking
                  | damage. [Xom's mischief]
  3750 | D:5      | Gained mutation: You are frail. (-10% HP) [Xom's mischief]
  3750 | D:5      | Gained mutation: You are partially covered in iridescent
                  | scales. (AC +2) [Xom's mischief]
  3750 | D:5      | Gained mutation: You have a pair of large horns on your
                  | head. [Xom's mischief]
  3883 | D:5      | XOM: god gift: 35 gold pieces
  3943 | D:6      | Reached skill level 11 in Long Blades
  3995 | D:6      | Found a staircase to the Ecumenical Temple.
  4017 | D:6      | Reached XP level 8. HP: 53/57 MP: 7/7
  4044 | D:6      | XOM: confusion
  4060 | D:6      | Reached skill level 12 in Long Blades
  4065 | D:6      | XOM: noise
  4269 | D:6      | XOM: 6-stop teleportation journey
  4317 | D:6      | XOM: scenery: 1 doors open, 1 doors close
  4345 | D:6      | XOM: 2-stop teleportation journey
  4364 | D:6      | Found Firauwuc's Weapon Emporium.
  4805 | D:6      | XOM: swap monsters
  4920 | D:6      | XOM: give mutation
  4920 | D:6      | Gained mutation: You have hidden genetic potential. [Xom's
                  | mischief]
  5206 | D:7      | XOM: summons 5 hostile demons
  5310 | D:7      | XOM: give mutations
  5310 | D:7      | Lost mutation: Your spells are a little harder to cast, but
                  | a little more powerful. [Xom's mischief]
  5310 | D:7      | Gained mutation: Your magical capacity is low. (-10% MP)
                  | [Xom's mischief]
  5310 | D:7      | Gained mutation: You are resistant to electric shocks.
                  | (rElec) [Xom's mischief]
  5310 | D:7      | Lost mutation: You have hidden genetic potential. [Xom's
                  | mischief]
  5355 | D:7      | XOM: cast spell 'Monstrous Menagerie'
  5360 | D:7      | Reached skill level 13 in Long Blades
  5398 | D:7      | Noticed a two-headed ogre
  5433 | D:7      | Killed a two-headed ogre
  5434 | D:7      | Reached skill level 14 in Long Blades
  5434 | D:7      | Reached XP level 9. HP: 47/63 MP: 5/7
  5476 | D:7      | XOM: potion effect (curing)
  5482 | D:7      | XOM: enchant monster (bad)
  5485 | D:7      | Reached skill level 15 in Long Blades
  5719 | D:7      | XOM: 3-stop teleportation journey
  5753 | D:7      | Found a runed translucent door.
  5754 | D:7      | Noticed Crazy Yiuf
  5945 | D:7      | XOM is BORED!
  5945 | D:7      | XOM: summons 4 hostile shadow creatures
  5979 | D:7      | XOM: god gift: fuming sapphire potion {god gift}
  6003 | D:7      | Got Xucux's Beginning the Power of Words
  6161 | D:7      | Noticed Prince Ribbit
  6182 | D:7      | Killed Prince Ribbit
  6705 | D:7      | Killed Crazy Yiuf
  6782 | D:8      | Noticed a polar bear
  6784 | D:8      | Noticed a two-headed ogre
  6785 | D:8      | Noticed a rime drake
  6799 | D:8      | Killed a polar bear
  6800 | D:8      | Reached skill level 4 in Fighting
  6800 | D:8      | Reached skill level 3 in Armour
  6805 | D:8      | Killed a two-headed ogre
  6806 | D:8      | Reached skill level 5 in Fighting
  6806 | D:8      | Reached skill level 16 in Long Blades
  6806 | D:8      | Reached skill level 4 in Armour
  6807 | D:8      | XOM: enchant monster (bad)
  6811 | D:8      | Killed a rime drake
  6814 | D:8      | Reached XP level 10. HP: 21/73 MP: 8/8
  6817 | D:8      | XOM: scenery: create altars
  6991 | D:8      | Found a staircase to the Lair.
  6999 | D:8      | Reached skill level 5 in Armour
  7060 | D:8      | Reached skill level 6 in Fighting
  7118 | D:8      | XOM: noise
  7150 | D:8      | XOM: 5-stop teleportation journey
  7221 | D:8      | Found a transporter.
  7229 | D:8      | Noticed hattop's ghost (novice AtCA)
  7231 | D:8      | XOM: polymorph kobold brigand -> golden eye
  7545 | D:8      | XOM: destruction
  7563 | D:8      | Reached skill level 6 in Armour
  7705 | D:8      | Reached skill level 7 in Fighting
  7931 | D:8      | Found a transporter.
  7932 | D:8      | Identified a scroll of acquirement
  7933 | D:8      | Acquired 784 gold pieces
  8084 | D:4      | Bought the +7 triple sword of Linearity {freeze, rElec rN+}
                  | for 712 gold pieces
  8206 | Lair:1   | Entered Level 1 of the Lair of Beasts
  8234 | Lair:1   | XOM: summons 3 friendly demons
  8243 | Lair:1   | Reached skill level 8 in Fighting
  8245 | Lair:1   | Reached skill level 17 in Long Blades
  8254 | Lair:1   | Found a shimmering altar of Xom.
  8279 | Lair:1   | XOM: noise
  8290 | Lair:1   | Noticed Gastronok
  8296 | Lair:1   | XOM: snakes to sticks
  8309 | Lair:1   | Reached skill level 9 in Fighting
  8311 | Lair:1   | HP: 8/81 [poisoned by a water moccasin]
  8311 | Lair:1   | Slain by a blink frog

Vanquished Creatures
  2 two-headed ogres
  A rime drake (D:8)
  A polar bear (D:8)
  Prince Ribbit (D:7)
  5 blink frogs (Lair:1)
  3 slime creatures (D:8)
  2 wyverns
  A golden eye (D:8)
  3 yaks (Lair:1)
  2 basilisks (Lair:1)
  3 water moccasins (Lair:1)
  2 orc warriors (D:7)
  A sky beast (D:6)
  5 ice beasts (D:8)
  A black bear (D:6)
  An ogre (D:5)
  2 wolves (D:8)
  A phantom (D:6)
  3 bullfrogs
  5 kobold brigands
  6 scorpions
  3 wights (D:8)
  4 jellies
  3 orc priests
  A hound (D:5)
  2 sleepcaps
  Crazy Yiuf (D:7)
  2 iguanas (D:5)
  3 orc wizards (D:7)
  Terence (D:2)
  7 gnolls
  9 adders
  2 shadow imps (D:5)
  A white imp (D:5)
  An ufetubus (D:4)
  A worm (D:3)
  3 dart slugs
  30 orcs
  11 endoplasms
  2 giant cockroaches
  8 goblins
  8 hobgoblins
  15 jackals
  4 quokkas
  6 ball pythons
  7 bats
  7 frilled lizards
  19 kobolds
  5 rats
217 creatures vanquished.

Vanquished Creatures (collateral kills)
  A howler monkey (D:7)
1 creature vanquished.

Vanquished Creatures (others)
  A jelly (D:8)
  3 endoplasms (D:8)
4 creatures vanquished.

Grand Total: 222 creatures vanquished

Table legend: (Time is in decaauts)
 A = Elapsed time spent in this place.
 B = Non-inter-level travel time spent in this place.
 C = Inter-level travel time spent in this place.
 D = Time resting spent in this place.
 E = Time spent auto-exploring this place.
 F = Levels seen in this place.
 G = Mean time per level.
                   A        B        C        D        E       F      G
               +--------+--------+--------+--------+--------+-----+--------+
         Total |   8236 |   7737 |    499 |    571 |   5867 |   9 |  915.1 |
       Dungeon |   8144 |   7645 |    499 |    571 |   5854 |   8 | 1018.0 |
          Lair |     91 |     91 |      0 |      0 |     13 |   1 |   91.0 |
               +--------+--------+--------+--------+--------+-----+--------+

Top non-repeatable levels by time:
     D:7: 1709 daAuts
     D:8: 1242 daAuts
     D:6: 1232 daAuts
     D:5: 965 daAuts
     D:2: 934 daAuts
     D:4: 824 daAuts
     D:1: 702 daAuts
     D:3: 532 daAuts
  Lair:1: 91 daAuts

Table legend:
 A = Non-vault XP
 B = Vault XP
 C = Vault XP percentage of total XP
 D = Non-vault monster count
 E = Vault monster count
 F = Vault count percentage of total count
                 A         B        C        D         E       F
            +---------+---------+-------+---------+---------+-------
      Total |    7814 |    3059 |  28.1 |     185 |      33 |  15.1
            +---------+---------+-------+---------+---------+-------
        D:1 |      49 |       0 |   0.0 |      31 |       0 |   0.0
        D:2 |     151 |      32 |  17.5 |      31 |       1 |   3.1
        D:3 |      37 |       0 |   0.0 |      18 |       0 |   0.0
        D:4 |      98 |       0 |   0.0 |      21 |       0 |   0.0
        D:5 |     408 |     272 |  40.0 |      11 |       6 |  35.3
        D:6 |     791 |       0 |   0.0 |      15 |       0 |   0.0
        D:7 |    1871 |     307 |  14.1 |      30 |       2 |   6.2
        D:8 |    1421 |    2448 |  63.3 |      14 |      24 |  63.2
     Lair:1 |    2988 |       0 |   0.0 |      14 |       0 |   0.0
            +---------+---------+-------+---------+---------+-------
